Map: Turbo Cruise '84 LE

Players

Argyle

  • Race: Zerg Zerg
  • League: Platinum
  • Spawn Location: 7:00

pHARM - Winner!

  • Race: Zerg Zerg
  • League: Platinum
  • Spawn Location: 3:00

VOD

Have the link to the VOD?

Description

Time

  • Played on: Aug. 5, 2019, midnight
  • Length: 10:47
Show
View Real Time Build Order
Export as new Build Order

Argyle Zerg 

Build Orders: Hatch First, Roach Hydra 

Get SALT Encoding   

  12  0:01  Drone  
  13  0:12  Overlord  
  13  0:17  Drone  
  14  0:31  Drone x2  
  16  0:38  Drone  
  17  0:49  Drone  
  18  0:57  Hatchery  
  18  0:59  Drone  
  18  1:14  Spawning Pool  
  18  1:16  Drone  
  18  1:19  Drone  
  19  1:28  Drone  
  20  1:36  Extractor  
  19  1:45  Drone  
  20  1:50  Drone  
  21  2:00  Overlord  
  21  2:09  Queen x2  
  21  2:11  Drone  
  26  2:23  Drone x3  
  29  2:31  Drone  
  30  2:39  Drone  
  30  2:44  Drone x2  
  33  2:49  Lair  
  33  2:52  Queen  
  33  2:58  Overlord, Drone  
  36  3:11  Overlord  
  36  3:13  Extractor  
  36  3:18  Drone x3, Extractor  
  38  3:20  Drone  
  38  3:36  Roach Warren  
  37  3:58  Evolution Chamber  
  37  4:00  Evolution Chamber  
  35  4:05  Drone x3  
  35  4:06  Drone x3  
  35  4:08  Drone x2  
  43  4:29  Extractor  
  42  4:32  Drone x5  
  42  4:33  Drone  
  42  4:34  Glial Reconstitution, Zerg Missile Weapons Level 1  
  48  4:58  Drone x3  
  48  4:59  Drone  
  52  5:01  Overlord  
  52  5:09  Hatchery  
  52  5:13  Overlord  
  51  5:18  Drone  
  51  5:20  Roach x4  
  60  5:34  Zerg Ground Armor Level 1  
  60  5:37  Roach x4  
  60  5:40  Hydralisk Den  
  67  6:05  Overlord x2  
  67  6:08  Roach  
  67  6:09  Roach x2  
  59  6:19  Queen  
  59  6:23  Roach x5  
  59  6:24  Roach x3  
  71  6:31  Zerg Missile Weapons Level 2  
  71  6:41  Roach x6  
  71  6:45  Queen  
  83  6:53  Overlord x2  
  83  6:54  Queen  
  85  7:06  Hatchery  
  84  7:15  Spore Crawler  
  83  7:22  Infestation Pit  
  82  7:35  Extractor  
  81  7:47  Drone x5  
  81  7:48  Drone x7  
  81  7:49  Overlord, Drone x2  
  95  7:56  Zerg Ground Armor Level 2  
  95  8:11  Grooved Spines, Hydralisk x6  
  95  8:12  Hydralisk x2  
  111  8:20  Queen  
  111  8:23  Drone  
  111  8:25  Drone x3  
  111  8:26  Drone x3  
  120  8:28  Overlord  
  120  8:29  Overlord x2  
  120  8:31  Hatchery  
  119  8:49  Hive  
  119  8:51  Spire  
  119  8:53  Spore Crawler  
  117  9:03  Drone x2  
  117  9:04  Drone x2  
  117  9:05  Drone x5  
  117  9:06  Drone x3  
  117  9:08  Hydralisk x4  
  117  9:09  Hydralisk  
  139  9:11  Spore Crawler  
  138  9:22  Muscular Augments  
  138  9:30  Hydralisk  
  136  9:33  Hydralisk  
  136  9:34  Hydralisk x2  
  136  9:35  Hydralisk  
  136  9:36  Hydralisk, Roach x2  
  122  9:38  Roach x2  
  122  9:39  Roach x3  
  110  9:45  Hydralisk  
  110  9:46  Roach x4  
  105  9:57  Hydralisk x2  
  105  9:58  Hydralisk, Roach x2  
  85  10:13  Spine Crawler  
  68  10:16  Spine Crawler  
  68  10:17  Spine Crawler  
  68  10:20  Roach x3  
  72  10:21  Roach  
Show
View Real Time Build Order
Export as new Build Order

pHARM Zerg - Winner!

Build Orders: Hatch First, Roach Hydra 

Get SALT Encoding   

  12  0:01  Drone  
  13  0:08  Drone  
  14  0:17  Overlord  
  14  0:25  Extractor  
  14  0:26  Drone  
  15  0:35  Drone x2  
  17  0:50  Drone  
  18  1:02  Drone, Hatchery  
  18  1:05  Drone  
  19  1:18  Spawning Pool  
  19  1:21  Drone  
  19  1:27  Drone  
  20  1:54  Extractor  
  20  2:00  Drone  
  20  2:03  Overlord  
  20  2:11  Drone x2  
  22  2:22  Queen x2  
  26  2:24  Zergling x2  
  26  2:25  Drone  
  28  2:33  Drone  
  28  2:35  Drone  
  30  2:47  Drone  
  30  2:48  Drone x2  
  33  2:56  Drone  
  34  2:59  Lair  
  34  3:06  Overlord  
  34  3:07  Drone  
  35  3:19  Evolution Chamber  
  33  3:25  Queen  
  35  3:28  Overlord  
  35  3:29  Drone x3  
  38  3:38  Roach Warren  
  37  3:42  Drone  
  37  3:43  Drone x6  
  44  3:49  Zerg Missile Weapons Level 1  
  44  3:51  Evolution Chamber  
  43  3:57  Extractor  
  43  3:59  Overlord  
  43  4:00  Drone, Extractor  
  42  4:17  Glial Reconstitution  
  42  4:28  Drone x3  
  42  4:29  Drone x2  
  42  4:30  Drone  
  48  4:38  Roach  
  48  4:39  Roach x2  
  54  4:53  Roach  
  54  4:54  Roach x2  
  60  5:00  Overlord  
  60  5:18  Overlord  
  60  5:19  Roach x4  
  68  5:23  Hatchery  
  67  5:33  Overlord  
  67  5:53  Drone  
  67  5:54  Drone x8  
  70  6:29  Drone x5  
  70  6:30  Overlord  
  69  6:52  Drone x2  
  69  7:02  Extractor  
  69  7:04  Extractor  
  69  7:05  Zerg Missile Weapons Level 2  
  69  7:06  Zerg Ground Armor Level 1  
  67  7:13  Extractor  
  67  7:14  Roach x3  
  67  7:15  Hydralisk Den, Roach x9  
  89  7:28  Overseer  
  89  7:34  Roach x4  
  97  7:46  Overlord x3  
  97  7:50  Grooved Spines  
  97  7:52  Overlord x2  
  97  8:02  Overlord x2  
  97  8:18  Hydralisk x4  
  97  8:19  Hydralisk  
  107  8:33  Hydralisk x5  
  117  8:43  Hydralisk x7  
  117  8:45  Infestation Pit, Overlord  
  130  8:56  Overlord x2  
  130  9:05  Muscular Augments  
  128  9:32  Hydralisk  
  128  9:33  Hydralisk x14  
Tags
 
Add a new tag
Caveats
  • Supply blocks, unpowered buildings, or Contaminate may cause inaccurate times.
  • Supply counts are checked every 10 seconds.